 Dungeon Crawl Stone Soup version 0.25-a0-576-g50b708a4c4 (webtiles) character file.

Game seed: 14315108239746316870, levelgen mode: deterministic

836 Flugslaktarn the Chopper (level 7, -2/66 HPs)
             Began as a Deep Dwarf Fighter on Mar 1, 2020.
             Slain by an orc warrior
             ... wielding a +0 mace
              (11 damage)
             ... on level 6 of the Dungeon.
             The game lasted 00:01:19 (1645 turns).

Flugslaktarn the Chopper (Deep Dwarf Fighter)       Turns: 1645, Time: 00:01:19

Health: -2/66      AC:  8    Str: 21    XL:     7   Next: 66%
Magic:  3/3        EV:  5    Int:  9    God:
Gold:   145        SH: 15    Dex: 12    Spells: 6/6 levels left

rFire    . . .     SeeInvis .   a - +0 war axe
rCold    . . .     Gourm    .   f - +0 tower shield
rNeg     . . .     Faith    .   b - +0 scale mail
rPois    .         Spirit   .   k - +0 helmet
rElec    .         Reflect  .   (no cloak)
rCorr    .         Harm     .   (no gloves)
MR       +....                  (no boots)
Stlth    ..........             (no amulet)
HPRegen  0.00/turn              (no ring)
MPRegen  0.08/turn              (no ring)

@: non-regenerating
A: damage resistance, heal wounds, sense surroundings 1, no regeneration
a: Heal Wounds


You were on level 6 of the Dungeon.
You were not hungry.

You visited 1 branch of the dungeon, and saw 6 of its levels.

You collected 145 gold pieces.

Inventory:

Hand Weapons
 a - a +0 war axe (weapon)
Armour
 b - a +0 scale mail (worn)
 c - a +0 kite shield
 f - a +0 tower shield (worn)
   (You found it on level 5 of the Dungeon)
 k - a +0 helmet (worn)
   (You found it on level 4 of the Dungeon)
Jewellery
 m - an uncursed ring of fire
   (You found it on level 4 of the Dungeon)
Scrolls
 h - a scroll of remove curse {unknown}
 i - 2 scrolls of immolation {unknown}
 j - a scroll of fog {unknown}
 l - 3 scrolls of identify {unknown}
 o - a scroll of amnesia {unknown}
 p - a scroll of teleportation {unknown}
Potions
 d - a potion of might
 g - a potion of invisibility {unknown}
 n - a potion of haste {unknown}


   Skills:
 + Level 4.4 Fighting
 * Level 6.3 Axes
 + Level 5.3 Armour
 + Level 5.3 Shields


You had 6 spell levels left.
You didn't know any spells.
Your spell library was empty.

Dungeon Overview and Level Annotations

Branches:
Dungeon (6/15)
 Temple: D:4-7

Altars:
Fedhas
The Shining One


Innate Abilities, Weirdness & Mutations

You are resistant to damage.
You can heal yourself by infusing magical energy.
You passively map a small area around you.
You do not regenerate.


Message History

The orc warrior is severely wounded.
You block the orc warrior's attack.
You closely miss the orc warrior.
The orc warrior is severely wounded.
The orc warrior hits you with a +0 mace!
You closely miss the orc warrior.
The orc warrior is severely wounded.
The orc warrior hits you with a +0 mace!
* * * LOW HITPOINT WARNING * * *
You slash the orc warrior!
The orc warrior is almost dead.
The orc warrior hits you with a +0 mace!
* * * LOW HITPOINT WARNING * * *
Your shield and scale mail prevent you from hitting the orc warrior.
The orc warrior is almost dead.
You block the orc warrior's attack.
You hit the orc warrior but do no damage.
The orc warrior is almost dead.
The orc warrior hits you with a +0 mace!
You die...

*, * ** * , , , *
, , , , , * .#. *
*** * ,* .... *
.....###########.
,
......)<........$
* ,
......†).o.......
, *
.........@.......
* *
...#.............
, .#
#.............
#.........%... ,
############## ,
, ,,, , , , , * *
* ,


You could see an orc warrior.

Vanquished Creatures
  A hungry ghost (D:6)
  A sky beast (D:6)
  A centaur (D:5)
  An ogre (D:4)
  A scorpion (D:4)
  2 crimson imps (D:5)
  A bullfrog zombie (D:5)
  2 hounds
  2 orc priests
  An orc wizard (D:6)
  An iguana (D:5)
  A worker ant (D:5)
  4 gnolls (D:5)
  An adder (D:5)
  3 worms
  A dart slug (D:4)
  4 leopard geckos
  9 orcs
  2 giant cockroaches (D:5)
  3 hobgoblins (D:1)
  8 jackals
  2 quokkas
  6 frilled lizards
  A kobold (D:1)
  A leopard gecko skeleton (D:5)
  3 rats (D:1)
63 creatures vanquished.

Notes
Turn   | Place    | Note
-------+----------+-------------------------------------------
     0 | D:1      | Flugslaktarn the Deep Dwarf Fighter began the quest for the
                  | Orb.
     0 | D:1      | Reached XP level 1. HP: 20/20 MP: 1/1
   156 | D:1      | Reached XP level 2. HP: 24/27 MP: 1/1
   296 | D:4      | Reached skill level 3 in Axes
   296 | D:4      | Reached XP level 3. HP: 15/34 MP: 2/2
   308 | D:4      | Reached XP level 4. HP: 36/42 MP: 3/3
   424 | D:4      | Noticed an ogre
   436 | D:4      | Killed an ogre
   436 | D:4      | Reached skill level 4 in Axes
   436 | D:4      | Reached XP level 5. HP: 20/49 MP: 4/4
   458 | D:4      | Found a blossoming altar of Fedhas.
   834 | D:5      | Entered Level 5 of the Dungeon
   856 | D:5      | Reached XP level 6. HP: 44/56 MP: 4/4
   897 | D:5      | Found a glowing golden altar of the Shining One.
  1050 | D:5      | Reached skill level 5 in Axes
  1247 | D:5      | Reached XP level 7. HP: 35/64 MP: 4/4
  1266 | D:5      | Reached skill level 5 in Armour
  1266 | D:5      | Reached skill level 5 in Shields
  1597 | D:6      | Noticed a hungry ghost
  1623 | D:6      | Reached skill level 6 in Axes
  1627 | D:6      | Killed a hungry ghost
  1645 | D:6      | Slain by an orc warrior

Levels and vault maps discovered:
D:1:      minmay_arrival_wavy_path, layout_basic, serial_forest,
          infiniplex_forest_straight_2, infiniplex_forest_join,
          infiniplex_forest_lined_4_way, infiniplex_forest_end_3,
          infiniplex_forest_corner_2, infiniplex_forest_lined_room_3,
          infiniplex_forest_clump_small
D:2:      layout_rooms, eat_drink_and_be_merry_uskayaw,
          gammafunk_temple_of_torment, first_ration,
          nicolae_ru_great_annihilating_truth
D:3:      layout_loops_cross, kennysheep_slug_shrine, lemuel_blue_sif_altar,
          overflow_temple_1_default,
          nicolae_gozag_cash_rules_everything_around_me, uniq_ijyb
D:4:      layout_basic, fedhas_ov_isle_minmay, kennysheep_generic_room_13
D:5:      layout_loops_ring, tso_metal_star
D:6:      layout_rooms, minmay_temple_entry_ruins

Skill      XL: |  1  2  3  4  5  6  7 |
---------------+----------------------+-----
Fighting       | 3 4 |  4.4
Axes           | 3 4 5 6 |  6.3
Armour         | 4 5 |  5.3
Shields        | 4 5 |  5.3

Action                   |  1- 3 |  4- 6 |  7- 9 || total
-------------------------+-------+-------+-------++-------
Melee: War axe           |    78 |   138 |    66 ||   282
 Abil: Heal Wounds       |     2 |     6 |     4 ||    12
  Eat: Chunk             |       |     2 |     1 ||     3
       Ration            |       |       |     3 ||     3
Armor: Scale mail        |    46 |    62 |    40 ||   148
Dodge: Dodged            |    45 |    40 |    23 ||   108
Block: Kite shield       |    48 |    77 |    23 ||   148
       Tower shield      |       |       |    55 ||    55

Table legend:
 A = Non-vault XP
 B = Vault XP
 C = Vault XP percentage of total XP
 D = Non-vault monster count
 E = Vault monster count
 F = Vault count percentage of total count
                 A         B        C        D         E       F
            +---------+---------+-------+---------+---------+-------
      Total |    1192 |       3 |   0.3 |      62 |       1 |   1.6
            +---------+---------+-------+---------+---------+-------
        D:1 |      20 |       0 |   0.0 |      11 |       0 |   0.0
        D:2 |       1 |       0 |   0.0 |       1 |       0 |   0.0
        D:3 |       6 |       0 |   0.0 |       4 |       0 |   0.0
        D:4 |     300 |       3 |   1.0 |      16 |       1 |   5.9
        D:5 |     508 |       0 |   0.0 |      23 |       0 |   0.0
        D:6 |     357 |       0 |   0.0 |       7 |       0 |   0.0
            +---------+---------+-------+---------+---------+-------
